 Dungeon Crawl Stone Soup version 0.28-a0-1382-g92835e5c71 (webtiles) character file.

Game seed: 2535720883631548491

6127 septik the Severer (level 10, -3/115 HPs)
             Began as a Minotaur Berserker on Jan 1, 2022.
             Was an Elder of Trog.
             Slain by a water moccasin (6 damage)
             ... on level 8 of the Dungeon.
             The game lasted 00:19:40 (9808 turns).

septik the Severer (Minotaur Berserker)             Turns: 9808, Time: 00:19:41

Health: -3/115     AC: 20    Str: 27    XL:     10   Next: 59%
Magic:  9/9        EV: 11    Int:  4    God:    Trog [****..]
Gold:   179        SH:  0    Dex:  9    Spells: 9/9 levels left

rFire   . . .      SeeInvis .   N - +1 quarterstaff (spect)
rCold   . . .      Faith    .   (shield currently unavailable)
rNeg    . . .      Spirit   .   G - +3 ring mail
rPois   .          Reflect  .   (helmet restricted)
rElec   .          Harm     .   (no cloak)
rCorr   .          Rampage  .   w - +2 pair of gloves
Will    .....                   E - +0 pair of boots
Stlth   ..........              c - amulet of the acrobat
HPRegen 0.29/turn               s - +4 ring of protection
MPRegen 0.11/turn               (no ring)

@: berserking, lethally poisoned (-3 -> -4), studying Armour, very quick
A: horns 2, retaliatory headbutt
a: Renounce Religion, Berserk, Trog's Hand, Brothers in Arms


You were on level 8 of the Dungeon.
You worshipped Trog.
Trog was greatly pleased with you.
You visited 1 branch of the dungeon, and saw 8 of its levels.
You also visited: Sewer and Bailey.

You collected 389 gold pieces.
You spent 210 gold pieces at shops.

Inventory:

Hand Weapons
 a - a +0 war axe
 b - a +4 hunting sling
 F - a +0 triple sword of holy wrath
 J - a +2 whip of freezing
 N - a +1 spectral quarterstaff (weapon)
Missiles
 j - 105 sling bullets
Armour
 n - a +0 chain mail
 o - a +1 tower shield
 r - an orb of guile
 w - a +2 pair of gloves (worn)
 E - a +0 pair of boots (worn)
 G - a +3 ring mail (worn)
Jewellery
 c - an amulet of the acrobat (around neck)
 s - a +4 ring of protection (left hand)
 K - a ring of see invisible
Wands
 f - a wand of flame (30)
 H - a wand of paralysis (9)
 I - a wand of mindburst (3)
Scrolls
 d - 3 scrolls of teleportation
 h - a scroll of vulnerability
 i - a scroll of noise
 k - 4 scrolls of identify
 p - a scroll of acquirement
 y - a scroll of immolation {unknown}
 A - a scroll of fog {unknown}
 B - 2 scrolls of blinking
 D - 2 scrolls of enchant weapon
 L - a scroll of magic mapping
 O - a scroll of torment {unknown}
Potions
 e - 2 potions of haste {unknown}
 g - 6 potions of flight
 l - 2 potions of resistance
 m - 2 potions of heal wounds
 q - 2 potions of invisibility {unknown}
 t - a potion of attraction {unknown}
 u - a potion of magic {unknown}
 v - 5 potions of curing
 x - a potion of berserk rage {unknown}
 z - 2 potions of lignification
 C - a potion of cancellation {unknown}
 M - a potion of ambrosia


   Skills:
 - Level 3.6 Fighting
 * Level 2.2 Long Blades
 - Level 16.0 Axes
 - Level 13.2 Armour
 - Level 2.1 Dodging


You had 9 spell levels left.
You didn't know any spells.
Your spell library was empty.

Dungeon Overview and Level Annotations

Branches:
Dungeon (8/15)             Temple (0/1) D:5           Sewer (visited)
 Bailey (visited)
   Lair: D:8-11

Altars:
Dithmenos
Nemelex Xobeh
Okawaru
Qazlal
Ru
Sif Muna
Vehumet
Wu Jian
Yredelemnul
Zin

Shops:
D:1 :   D:6 ((*(   D:8 !


Innate Abilities, Weirdness & Mutations

You have a pair of horns on your head.
You reflexively headbutt those who attack you in melee.


Message History

You feel yourself moving faster!
You feel mighty!
You feel sick.
The water moccasin bites you but does no damage.
The electric eel shoots out a bolt of lightning at you!
The bolt of electricity hits you!
* * * LOW HITPOINT WARNING * * *
The electric eel shoots out a bolt of lightning at you!
The bolt of electricity hits you!
* * * LOW HITPOINT WARNING * * *
The bolt of electricity hits the electric eel.
The electric eel completely resists.
You sock the electric eel!
The electric eel is heavily wounded.
Your +1 spectral quarterstaff misses the electric eel.
You feel sick. The water moccasin bites you.
* * * LOW HITPOINT WARNING * * *
Unknown command.
You miss the electric eel. Your headbutt misses the electric eel.
The electric eel is heavily wounded.
Your +1 spectral quarterstaff barely misses the electric eel.
You feel sick.
The water moccasin bites you but does no damage.
Unknown command.
You closely miss the electric eel.
The electric eel is heavily wounded.
Your +1 spectral quarterstaff hits the electric eel!
You kill the electric eel!
Trog accepts your kill.
You hear a splash.
You feel sick.
The water moccasin bites you but does no damage.
The electric eel shoots out a bolt of lightning at you!
The bolt of electricity hits you!
* * * LOW HITPOINT WARNING * * *
The bolt of electricity hits the electric eel.
The electric eel completely resists.
You bludgeon the electric eel!!
You kill the electric eel!
Trog accepts your kill. The water moccasin bites you.
You die...

♣♣♣≈.≈♣♣♣≈ ≈≈≈♣♣♣≈..#
≈≈≈≈≈≈≈≈≈≈ ≈≈≈≈.≈≈≈≈≈≈.#
..≈.≈≈≈≈≈≈ .≈...≈≈.≈...#
≈≈≈≈.≈≈≈≈≈ ≈≈≈.≈≈≈≈≈≈.#
♣♣♣≈≈≈♣♣♣≈ ♣≈≈≈♣♣♣≈≈.# ♣
≈.≈♣ ≈ ♣≈≈≈♣ ♣≈≈.#
♣♣♣≈≈≈♣ ≈.≈♣♣♣≈≈≈♣♣♣≈≈.#
≈≈≈≈≈≈≈≈ ≈≈≈≈≈≈≈.S≈≈≈≈≈.#
≈.≈...≈.≈≈≈...≈.@§..≈..##
≈≈≈≈≈≈≈≈≈≈≈≈≈≈≈≈†S≈≈≈≈≈#
♣♣♣≈≈≈ ≈≈≈♣♣♣≈.≈♣♣♣≈≈# ♣
≈.≈ ≈ ♣≈.≈♣ ♣≈.# ♣ .≈
♣≈.≈♣ ♣≈.# ≈≈ ≈≈≈≈≈≈ ≈≈.#
.... .≈.≈.≈≈ ≈.≈# .....
############ #####


You could see a water moccasin and an electric eel.

Vanquished Creatures
  Pikel (D:7)
  2 orc knights (Bailey)
  Joseph (D:8)
  A gargoyle (D:8)
  A troll (D:7)
  2 steam dragons (D:7)
  2 water moccasins
  7 orc warriors (Bailey)
  An ice beast (D:7)
  The ghost of p0werm0de the Chopper, an amateur MiCK of Xom (D:4)
  2 black bears (D:5)
  2 sky beasts
  2 centaurs
  2 ogres
  A phantom (D:6)
  2 lemures (D:7)
  2 kobold brigands (D:8)
  2 bullfrogs
  A gnoll sergeant (D:7)
  3 scorpions
  A water moccasin skeleton (D:4)
  3 killer bees (D:6)
  5 electric eels (D:8)
  2 bullfrog zombies (D:4)
  4 bullfrog skeletons
  6 orc priests
  4 hounds
  2 jellies
  6 orc wizards
  2 hound skeletons
  10 gnolls
  11 adders
  4 river rats
  2 white imps
  An ufetubus (D:5)
  4 worms
  A dart slug (D:3)
  32 orcs
  10 endoplasms
  6 giant cockroaches
  13 goblins
  7 hobgoblins
  3 jackals (Sewer)
  12 kobolds
  3 quokkas
  13 ball pythons
  7 bats
  6 frilled lizards
  12 rats
230 creatures vanquished.

Vanquished Creatures (others)
  2 plants (D:4)
2 creatures vanquished.

Grand Total: 232 creatures vanquished

Notes
Turn   | Place    | Note
-------+----------+-------------------------------------------
     0 | D:1      | septik the Minotaur Berserker began the quest for the Orb.
     0 | D:1      | Reached XP level 1. HP: 19/19 MP: 0/0
   223 | D:1      | Reached skill level 4 in Axes
   358 | D:1      | Reached XP level 2. HP: 25/26 MP: 1/1
   500 | D:1      | Found Sacal's Book Shoppe.
  1024 | D:2      | Reached skill level 5 in Axes
  1024 | D:2      | Reached XP level 3. HP: 27/31 MP: 2/2
  1571 | D:2      | Reached XP level 4. HP: 38/39 MP: 3/3
  1595 | D:2      | Found an ornate altar of the Wu Jian Council.
  1655 | D:2      | Reached skill level 6 in Axes
  1766 | D:2      | Reached ** piety under Trog
  2789 | D:3      | Reached XP level 5. HP: 38/45 MP: 4/4
  2851 | D:3      | Reached skill level 7 in Axes
  3130 | D:3      | Found a shimmering blue altar of Sif Muna.
  3307 | D:3      | Found a stormy altar of Qazlal.
  3310 | D:3      | Found a basalt altar of Yredelemnul.
  3312 | D:3      | Found a glowing silver altar of Zin.
  3620 | D:4      | Reached skill level 8 in Axes
  3692 | D:4      | Found a runed translucent gate.
  3692 | D:4      | Found a runed translucent gate.
  3693 | D:4      | Found a runed translucent gate.
  3698 | D:4      | Reached XP level 6. HP: 51/51 MP: 5/5
  4037 | D:4      | Noticed p0werm0de's ghost (amateur MiCK)
  4099 | D:4      | Found a sparkling altar of Nemelex Xobeh.
  4262 | D:4      | Killed p0werm0de's ghost
  4263 | D:4      | Reached skill level 9 in Axes
  4265 | D:4      | Reached XP level 7. HP: 57/57 MP: 6/6
  4311 | D:5      | Entered Level 5 of the Dungeon
  4331 | D:5      | Reached skill level 10 in Axes
  4336 | D:5      | Found a staircase to the Ecumenical Temple.
  4622 | D:5      | Reached skill level 11 in Axes
  5005 | D:5      | Reached XP level 8. HP: 64/64 MP: 7/7
  5105 | D:6      | Found a radiant altar of Vehumet.
  5115 | D:6      | Found Vuriz's Antique Weapon Shoppe.
  5116 | D:6      | Reached *** piety under Trog
  5142 | D:6      | Found Kysyvod's Weapon Shop.
  5364 | D:6      | Found Samo's Antique Weapon Shoppe.
  5372 | D:6      | Reached skill level 12 in Axes
  5456 | D:6      | Found a glowing drain.
  5468 | Sewer    | Entered a sewer
  5638 | Sewer    | Reached **** piety under Trog
  6032 | D:6      | Found Luluopri's General Store.
  6038 | D:6      | Bought a scroll of enchant weapon for 90 gold pieces
  6107 | D:6      | Reached skill level 13 in Axes
  6197 | D:6      | Reached skill level 5 in Armour
  6419 | D:6      | Reached XP level 9. HP: 64/70 MP: 8/8
  6525 | D:6      | Found a sacrificial altar of Ru.
  6928 | D:7      | Noticed a troll
  6938 | D:7      | Killed a troll
  6939 | D:7      | Reached skill level 14 in Axes
  6976 | D:7      | Found a flagged portal.
  6993 | Bailey   | Entered a bailey
  7656 | Bailey   | Reached skill level 15 in Axes
  7719 | Bailey   | Noticed an orc knight
  7719 | Bailey   | Noticed an orc knight
  7726 | Bailey   | Killed an orc knight
  7736 | Bailey   | Killed an orc knight
  7737 | Bailey   | Reached XP level 10. HP: 20/77 MP: 9/9
  8613 | D:7      | Reached skill level 16 in Axes
  8698 | D:7      | Found a shadowy altar of Dithmenos.
  8785 | D:7      | Noticed Pikel
  8797 | D:7      | Killed Pikel
  8798 | D:7      | Reached skill level 10 in Armour
  9276 | D:8      | Found Jisi's Distillery.
  9283 | D:8      | Bought a potion of ambrosia for 120 gold pieces
  9306 | D:8      | Noticed a gargoyle
  9308 | D:8      | Noticed Joseph
  9318 | D:8      | Killed a gargoyle
  9324 | D:8      | Killed Joseph
  9416 | D:8      | Found an iron altar of Okawaru.
  9710 | D:8      | Reached skill level 1 in Long Blades
  9807 | D:8      | HP: 3/115 [electric eel/bolt of electricity (10)]
  9808 | D:8      | Slain by a water moccasin

Illustrated notes

Levels and vault maps discovered:
D:1:      mrwooster_arrival_arrow, layout_loops_ring, serial_shops,
          nicolae_shop_behind_doors, chequers_serial_rivers_micro_b,
          serial_park_tiny_pond, patterned_corridor
D:2:      layout_basic, basic_altar, st_stairs_12
D:3:      layout_loops_cross, mainiacjoe_overflow_cross_hatched,
          gammafunk_temple_overflow_forgotten, serial_park_tiny_2
D:4:      layout_cave_pools, nemelex_diamond_rough_becter,
          gammafunk_ghost_necromancy, serial_bayou, serial_bayou_lagoon_b,
          serial_bayou_lake_a, serial_bayou_ford_a, serial_bayou_shore_b
D:5:      layout_basic, minmay_temple_entry_slanted
D:6:      layout_basic, vehumet_altar_wand_db, nicolae_ru_the_path_less_chosen,
          serial_shops, shop, shop, nicolae_shop_crystal, portal_sewer_entry_c,
          minivault_23, nicolae_take_the_stairs
D:7:      layout_gridville, nicolae_dithmenos_through_a_glass_darkly,
          enter_bailey_5, hangedman_decor_peaks_small, uniq_pikel
D:8:      layout_cave_pools, kennysheep_mini, serial_shops,
          nicolae_stop_n_shop_1, minmay_holes, kennysheep_boxes, uniq_joseph

Skill      XL: |  1  2  3  4  5  6  7  8  9 10 |
---------------+-------------------------------+-----
Axes           | 4 5 6 8 9 11 13 15 16 | 16.0
Armour         | 3 5 7 13 | 13.2
Long Blades    | 2 |  2.2
Fighting       | |  3.6
Dodging        | |  2.1

Action                   |  1- 3 |  4- 6 |  7- 9 | 10-12 || total
-------------------------+-------+-------+-------+-------++-------
Melee: Hand axe          |    52 |   108 |    26 |       ||   186
       Headbutt          |     4 |    25 |    52 |    24 ||   105
       War axe           |       |       |   264 |    89 ||   353
       Quarterstaff      |       |       |       |    26 ||    26
Invok: Berserk           |     2 |     4 |    10 |     3 ||    19
       Trog's Hand       |       |     1 |     2 |       ||     3
  Use: Scroll            |       |       |    11 |       ||    11
 Stab: Sleeping          |     1 |       |       |       ||     1
       Distracted        |       |       |       |     1 ||     1
Armor: Animal skin       |     7 |     5 |       |       ||    12
       Chain mail        |       |    14 |   134 |       ||   148
       Ring mail         |       |       |       |    53 ||    53
Dodge: Dodged            |    29 |    62 |   180 |    70 ||   341

Table legend: (Time is in decaauts)
 A = Elapsed time spent in this place.
 B = Non-inter-level travel time spent in this place.
 C = Inter-level travel time spent in this place.
 D = Time resting spent in this place.
 E = Time spent auto-exploring this place.
 F = Levels seen in this place.
 G = Mean time per level.
                   A        B        C        D        E       F      G
               +--------+--------+--------+--------+--------+-----+--------+
         Total |  10126 |   9480 |    646 |   1260 |   6202 |  10 | 1012.6 |
       Dungeon |   8193 |   7547 |    646 |    801 |   5251 |   8 | 1024.1 |
         Sewer |    666 |    666 |      0 |      0 |    471 |   1 |  666.0 |
        Bailey |   1266 |   1266 |      0 |    459 |    480 |   1 | 1266.0 |
               +--------+--------+--------+--------+--------+-----+--------+

Top non-repeatable levels by time:
     D:1: 1329 daAuts
  Bailey: 1266 daAuts
     D:3: 1255 daAuts
     D:4: 1118 daAuts
     D:6: 1015 daAuts
     D:7: 1007 daAuts
     D:2: 991 daAuts
     D:5: 781 daAuts
     D:8: 693 daAuts
   Sewer: 666 daAuts
